[Event "Najdorf Memorial-B 2022"]
[Site "Warsaw"]
[Date "2022.07.12"]
[Round "4.15"]
[White "Morczynski, Joachim"]
[Black "Wasylewski, Marcin"]
[Result "1-0"]
[ECO "B21"]
[WhiteElo "1762"]
[BlackElo "1412"]
[Annotator "NA"]
[PlyCount "67"]
[EventDate "2022.07.09"]
[EventType "swiss"]
[EventCountry "POL"]
[SourceTitle "playchess.com"]
[Source "ChessBase"]
[SourceQuality "1"]
[TimeControl "40/5400+30:1800+30"]

1. e4 c5 2. d4 cxd4 3. c3 Nf6 4. e5 Nd5 5. Qxd4 e6 6. Nf3 Nc6 7. Qe4 d6 8. exd6 Nf6 9. Qe2 Bxd6 10. g3 O-O 11. Bg2 e5 12. O-O Bg4 13. Qc2 Qc8 14. Bg5 Bf5 15. Qe2 Ne4 16. Nbd2 Nxg5 17. Nxg5 h6 18. Nge4 Bc7 19. Nc4 Rd8 20. Rad1 Qb8 21. Qh5 Bg6 22. Qh4 Na5 23. Ne3 Bb6 24. Nd5 Nc6 25. b4 Qc8 26. b5 Qe6 27. bxc6 bxc6 28. Nxb6 Rxd1 29. Nxa8 Qd5 30. Nf6+ gxf6 31. Bxd5 Rxd5 32. Qxf6 Rd2 33. Nc7 e4 34. Ne6 1-0

[Event "Najdorf Memorial-B 2022"]
[Site "Warsaw"]
[Date "2022.07.12"]
[Round "4.16"]
[White "Sternik, Piotr"]
[Black "Mazurek, Jerzy"]
[Result "1/2-1/2"]
[ECO "A46"]
[WhiteElo "1434"]
[BlackElo "1752"]
[Annotator "NA"]
[PlyCount "55"]
[EventDate "2022.07.09"]
[EventType "swiss"]
[EventCountry "POL"]
[SourceTitle "playchess.com"]
[Source "ChessBase"]
[SourceQuality "1"]
[TimeControl "40/5400+30:1800+30"]

1. d4 Nf6 2. Bg5 e6 3. Nf3 d5 4. c4 Be7 5. Nc3 h6 6. Bf4 O-O 7. e3 c5 8. dxc5 Bxc5 9. cxd5 Nxd5 10. Nxd5 exd5 11. Be2 Bb4+ 12. Nd2 Nc6 13. a3 Be7 14. O-O Bf5 15. Nf3 Bf6 16. Ra2 d4 17. Nxd4 Nxd4 18. exd4 Be6 19. b3 Qxd4 20. Qxd4 Bxd4 21. Rd2 Bb6 22. b4 Rad8 23. Rfd1 Rxd2 24. Rxd2 Rd8 25. Rxd8+ Bxd8 26. Bf3 b5 27. Be3 a5 28. Be2 1/2-1/2

[Event "Najdorf Memorial-B 2022"]
[Site "Warsaw"]
[Date "2022.07.12"]
[Round "4.17"]
[White "Mazur, Wojciech"]
[Black "Adamowicz, Michal"]
[Result "0-1"]
[ECO "E90"]
[WhiteElo "1750"]
[BlackElo "1408"]
[Annotator "NA"]
[PlyCount "98"]
[EventDate "2022.07.09"]
[EventType "swiss"]
[EventCountry "POL"]
[SourceTitle "playchess.com"]
[Source "ChessBase"]
[SourceQuality "1"]
[TimeControl "40/5400+30:1800+30"]

1. d4 Nf6 2. c4 g6 3. Nc3 Bg7 4. e4 d6 5. Nf3 Bg4 6. Be2 Nfd7 7. Ng5 Bxe2 8. Nxe2 e5 9. d5 h6 10. Nh3 f5 11. exf5 gxf5 12. Ng3 O-O 13. Nh5 Qh4 14. Nxg7 Kxg7 15. b3 Nc5 16. O-O Nbd7 17. b4 Ne4 18. f4 Rf6 19. Nf2 Rg6 20. Nxe4 fxe4 21. Qe1 Qxe1 22. Rxe1 Nf6 23. fxe5 dxe5 24. Bb2 Re8 25. Re3 a6 26. a4 h5 27. Rf1 Rg5 28. Bc3 Kg6 29. b5 axb5 30. axb5 Ra8 31. Ra1 Rxa1+ 32. Bxa1 Kf5 33. Re2 h4 34. Rf2+ Kg6 35. Ra2 h3 36. g3 e3 37. Kf1 Rf5+ 38. Ke1 Ng4 39. c5 e4 40. c6 bxc6 41. b6 cxb6 42. dxc6 Rc5 43. Bd4 Rxc6 44. Ke2 Kf5 45. Bxe3 Nxh2 46. Bf4 Ng4 47. Kf1 e3 48. Ke2 Rc1 49. Bxe3 h2 0-1

[Event "Najdorf Memorial-B 2022"]
[Site "Warsaw"]
[Date "2022.07.13"]
[Round "5.1"]
[White "Bubien, Antoni"]
[Black "Yasmo, Daniil"]
[Result "*"]
[ECO "B22"]
[WhiteElo "1472"]
[BlackElo "1680"]
[Annotator "NA"]
[PlyCount "62"]
[EventDate "2022.07.09"]
[EventType "swiss"]
[EventCountry "POL"]
[SourceTitle "playchess.com"]
[Source "ChessBase"]
[SourceQuality "1"]
[TimeControl "40/5400+30:1800+30"]

1. e4 c5 2. c3 d5 3. exd5 Qxd5 4. d4 Nc6 5. Nf3 Bg4 6. Be2 e6 7. Be3 cxd4 8. cxd4 Nf6 9. Nc3 Qd6 10. O-O Be7 11. h3 Bh5 12. Qb3 O-O 13. Rad1 Rfd8 14. Rd2 a6 15. Rfd1 Nb4 16. Ne5 Bxe2 17. Nxe2 Ne4 18. Bf4 Nxd2 19. Rxd2 Qd5 20. Qg3 Qb5 21. Bh6 Bf6 22. Nc3 Qe8 23. Ne4 Qe7 24. Nxf6+ Qxf6 25. Bg5 Qf5 26. Bxd8 Rxd8 27. Qb3 Nd5 28. Qxb7 Nf4 29. Nc6 Qb1+ 30. Kh2 Rf8 31. Ne7+ Kh8 *

[Event "Najdorf Memorial-B 2022"]
[Site "Warsaw"]
[Date "2022.07.13"]
[Round "5.2"]
[White "Dysko, Michal"]
[Black "Piddubna, Bozhena"]
[Result "1-0"]
[ECO "C97"]
[WhiteElo "1376"]
[BlackElo "1534"]
[Annotator "NA"]
[PlyCount "73"]
[EventDate "2022.07.09"]
[EventType "swiss"]
[EventCountry "POL"]
[SourceTitle "playchess.com"]
[Source "ChessBase"]
[SourceQuality "1"]
[TimeControl "40/5400+30:1800+30"]

1. e4 e5 2. Nf3 Nc6 3. Bb5 a6 4. Ba4 Nf6 5. O-O Be7 6. Re1 b5 7. Bb3 d6 8. c3 Na5 9. Bc2 c5 10. d4 Qc7 11. h3 O-O 12. d5 Bd7 13. b3 Nb7 14. Nbd2 Ne8 15. Nf1 a5 16. Ng3 g6 17. Qe2 Ng7 18. Bd3 b4 19. c4 a4 20. bxa4 Rxa4 21. Bc2 Ra7 22. Nd2 f5 23. exf5 gxf5 24. Nh5 Be8 25. Nxg7 Kxg7 26. f4 e4 27. Nxe4 fxe4 28. Qxe4 Bg6 29. Qxe7+ Qxe7 30. Rxe7+ Kf6 31. Re6+ Kf7 32. f5 Bxf5 33. Bxf5 Rfa8 34. Bg5 b3 35. Re7+ Kf8 36. Bxh7 b2 37. Rf1# 1-0

[Event "Najdorf Memorial-B 2022"]
[Site "Warsaw"]
[Date "2022.07.13"]
[Round "5.3"]
[White "Slusarczyk, Anna"]
[Black "Napieralski, Lucjan"]
[Result "1-0"]
[ECO "D05"]
[WhiteElo "1637"]
[BlackElo "1414"]
[Annotator "NA"]
[PlyCount "41"]
[EventDate "2022.07.09"]
[EventType "swiss"]
[EventCountry "POL"]
[SourceTitle "playchess.com"]
[Source "ChessBase"]
[SourceQuality "1"]
[TimeControl "40/5400+30:1800+30"]

1. d4 e6 2. Nf3 Nf6 3. b3 d5 4. e3 c5 5. Bd3 Nc6 6. Bb2 b6 7. a3 Bd6 8. Ne5 Qc7 9. f4 O-O 10. O-O a5 11. Nd2 Ba6 12. c4 a4 13. Nxc6 Qxc6 14. dxc5 Bxc5 15. Bxf6 Bxe3+ 16. Kh1 Bxd2 17. Bxh7+ Kxh7 18. Qh5+ Kg8 19. Qg5 g6 20. Qh6 Bb7 21. Qg7# 1-0

[Event "Najdorf Memorial-B 2022"]
[Site "Warsaw"]
[Date "2022.07.13"]
[Round "5.4"]
[White "Trochimczuk, Szymon"]
[Black "Chekhani, Anna"]
[Result "1-0"]
[ECO "D37"]
[WhiteElo "1480"]
[BlackElo "1575"]
[Annotator "NA"]
[PlyCount "109"]
[EventDate "2022.07.09"]
[EventType "swiss"]
[EventCountry "POL"]
[SourceTitle "playchess.com"]
[Source "ChessBase"]
[SourceQuality "1"]
[TimeControl "40/5400+30:1800+30"]

1. d4 Nf6 2. c4 e6 3. Nf3 d5 4. Nc3 Be7 5. Bf4 O-O 6. e3 a6 7. c5 Nh5 8. Bd3 Nxf4 9. exf4 Nc6 10. a3 Bf6 11. O-O g6 12. Bc2 Bg7 13. Ba4 Ne7 14. Re1 Bd7 15. Bc2 Nc6 16. b4 Qf6 17. Ne2 b6 18. Ne5 Be8 19. Qd2 Qd8 20. cxb6 cxb6 21. Rac1 Nxe5 22. dxe5 Bb5 23. Nd4 Bc4 24. Bd3 b5 25. a4 Qb6 26. Qe3 Rac8 27. g4 Bh6 28. g5 Bg7 29. a5 Qa7 30. Bxc4 dxc4 31. Nc2 Qxe3 32. fxe3 Rfd8 33. Red1 Bf8 34. Rd4 c3 35. Rcd1 Be7 36. Rxd8+ Bxd8 37. Kf2 Be7 38. Ke2 Rc4 39. Rd4 Kf8 40. Rxc4 bxc4 41. Kf3 Ke8 42. Ke4 Kd7 43. Kd4 Kc6 44. Kxc4 Bf8 45. Nd4+ Kc7 46. Kxc3 h6 47. h4 hxg5 48. hxg5 Kb7 49. Kc4 Be7 50. Nb3 Kc6 51. Nd2 Bd8 52. Ne4 Bc7 53. Nc5 Bb8 54. Nxa6 Ba7 55. b5+ 1-0

[Event "Najdorf Memorial-B 2022"]
[Site "Warsaw"]
[Date "2022.07.13"]
[Round "5.5"]
[White "Terkiewicz, Bruno"]
[Black "Tomalak, Stanislaw"]
[Result "1-0"]
[ECO "C97"]
[WhiteElo "1473"]
[BlackElo "1554"]
[Annotator "NA"]
[PlyCount "85"]
[EventDate "2022.07.09"]
[EventType "swiss"]
[EventCountry "POL"]
[SourceTitle "playchess.com"]
[Source "ChessBase"]
[SourceQuality "1"]
[TimeControl "40/5400+30:1800+30"]

1. e4 e5 2. Nf3 Nc6 3. Bb5 a6 4. Ba4 Nf6 5. O-O b5 6. Bb3 Be7 7. Re1 d6 8. c3 Na5 9. Bc2 c5 10. d4 Qc7 11. h3 O-O 12. Nbd2 Bd7 13. Nf1 Rac8 14. Ne3 g6 15. a4 cxd4 16. cxd4 Nc4 17. Nxc4 bxc4 18. Bd2 a5 19. Bc3 exd4 20. Nxd4 Qc5 21. Qd2 Ra8 22. Rad1 Rfd8 23. Qh6 Nh5 24. Nf3 Bc6 25. Bd4 Qb4 26. Ng5 Bxg5 27. Qxg5 f6 28. Bxf6 Nxf6 29. Qxf6 Qc5 30. Rd4 Rd7 31. Qe6+ Kg7 32. Qxc4 Qb6 33. Qc3 Kf8 34. Red1 Rf7 35. Bb3 Rf6 36. R1d2 Ke7 37. Rxd6 Rxd6 38. Qg7+ Kd8 39. Rxd6+ Kc8 40. Qf8+ Kb7 41. Qe7+ Qc7 42. Qxc7+ Kxc7 43. Rxc6+ 1-0

[Event "Najdorf Memorial-B 2022"]
[Site "Warsaw"]
[Date "2022.07.13"]
[Round "5.6"]
[White "Jarmolowski, Tadeusz"]
[Black "Morczynski, Joachim"]
[Result "1/2-1/2"]
[ECO "B22"]
[WhiteElo "1482"]
[BlackElo "1762"]
[Annotator "NA"]
[PlyCount "128"]
[EventDate "2022.07.09"]
[EventType "swiss"]
[EventCountry "POL"]
[SourceTitle "playchess.com"]
[Source "ChessBase"]
[SourceQuality "1"]
[TimeControl "40/5400+30:1800+30"]

1. e4 c5 2. c3 d5 3. exd5 Qxd5 4. Nf3 Nc6 5. Na3 Bg4 6. Bc4 Qe4+ 7. Kf1 O-O-O 8. d3 Bxf3 9. gxf3 Qf5 10. f4 e5 11. Qf3 Nf6 12. Kg2 e4 13. dxe4 Nxe4 14. Re1 Qg6+ 15. Kh1 f5 16. Be3 Be7 17. Nc2 Bh4 18. Re2 Qf6 19. Rb1 Rd6 20. Ne1 g5 21. fxg5 Bxg5 22. Bxg5 Qxg5 23. Nd3 Na5 24. b3 Nxc4 25. bxc4 Rg8 26. Nf4 Rb6 27. Rbe1 Rh6 28. Qg2 Qd8 29. Qf3 Qh4 30. h3 Rg4 31. Ng2 Qxh3+ 32. Qxh3 Rxh3+ 33. Kg1 Rxc3 34. Kf1 Rh3 35. Kg1 h5 36. Rd1 Rc3 37. Kh2 Rg8 38. Ne3 Ng5 39. Nxf5 Nf3+ 40. Kh1 Rd3 41. Ne7+ Kb8 42. Nxg8 Rxd1+ 43. Kg2 Rg1+ 44. Kxf3 Rxg8 45. Re5 Rg4 46. Rxc5 b6 47. Rxh5 Rxc4 48. Rh1 Ra4 49. Ra1 b5 50. Rb1 b4 51. Rb2 a5 52. Kg3 Ra3+ 53. Kg4 Kc7 54. f4 Kd6 55. Re2 b3 56. axb3 Rxb3 57. f5 Rb8 58. f6 a4 59. Kf5 a3 60. Rd2+ Kc5 61. f7 Kb4 62. Re2 Rf8 63. Kf6 Rxf7+ 64. Kxf7 Kb3 1/2-1/2

[Event "Najdorf Memorial-B 2022"]
[Site "Warsaw"]
[Date "2022.07.13"]
[Round "5.7"]
[White "Poniewierski, Piotr"]
[Black "Prokopiuk, Jakub"]
[Result "0-1"]
[ECO "D02"]
[WhiteElo "1747"]
[BlackElo "1481"]
[Annotator "NA"]
[PlyCount "88"]
[EventDate "2022.07.09"]
[EventType "swiss"]
[EventCountry "POL"]
[SourceTitle "playchess.com"]
[Source "ChessBase"]
[SourceQuality "1"]
[TimeControl "40/5400+30:1800+30"]

1. Nf3 d5 2. d4 Nf6 3. g3 e6 4. Bg2 Be7 5. c4 O-O 6. O-O c6 7. Nbd2 b6 8. Qc2 Na6 9. e4 Bb7 10. e5 Nd7 11. cxd5 cxd5 12. a3 Rc8 13. Qa4 Nab8 14. Re1 Nc6 15. Nf1 Na5 16. Ne3 Qc7 17. Bd2 Nc4 18. Rac1 Bc6 19. Qc2 b5 20. Bb4 Bxb4 21. axb4 Nxe3 22. Rxe3 Nb6 23. Rc3 Qd7 24. Rxc6 Rxc6 25. Qxc6 Rc8 26. Qxc8+ Nxc8 27. Bf1 Nb6 28. Ne1 g6 29. Nd3 Nc8 30. Nc5 Qc6 31. Ra1 Qb6 32. Ra5 Qd8 33. Bxb5 Qg5 34. Nb3 Qg4 35. Ra1 Qf3 36. Nd2 Qg4 37. Nb3 Qe4 38. Rc1 Ne7 39. Rc7 Qe1+ 40. Bf1 Qxb4 41. Rc3 a5 42. Rd3 Nc6 43. Be2 a4 44. Nc5 Qxb2 0-1

[Event "Najdorf Memorial-B 2022"]
[Site "Warsaw"]
[Date "2022.07.13"]
[Round "5.8"]
[White "Mazurkiewicz, Wojciech"]
[Black "Michalowski, Patryk"]
[Result "0-1"]
[ECO "B22"]
[WhiteElo "1469"]
[BlackElo "1726"]
[Annotator "NA"]
[PlyCount "50"]
[EventDate "2022.07.09"]
[EventType "swiss"]
[EventCountry "POL"]
[SourceTitle "playchess.com"]
[Source "ChessBase"]
[SourceQuality "1"]
[TimeControl "40/5400+30:1800+30"]

1. e4 c5 2. c3 Nf6 3. e5 Nd5 4. d4 cxd4 5. Nf3 e6 6. cxd4 b6 7. Bd2 Bb7 8. Nc3 Nxc3 9. Bxc3 d6 10. Bb5+ Nd7 11. O-O a6 12. Be2 dxe5 13. Nxe5 Nxe5 14. dxe5 Be7 15. Qa4+ b5 16. Qg4 O-O 17. Rfd1 Qc7 18. Rac1 Rfd8 19. Bd3 Rac8 20. Qf4 Qb6 21. Be4 Rc4 22. Rxd8+ Qxd8 23. Re1 Bxe4 24. Rxe4 Qd3 25. Qe3 Qxe4 0-1

[Event "Najdorf Memorial-B 2022"]
[Site "Warsaw"]
[Date "2022.07.13"]
[Round "5.9"]
[White "Matskevich, Varvara"]
[Black "Nocek, Dominik"]
[Result "1/2-1/2"]
[ECO "C89"]
[WhiteElo "1467"]
[BlackElo "1682"]
[Annotator "NA"]
[PlyCount "126"]
[EventDate "2022.07.09"]
[EventType "swiss"]
[EventCountry "POL"]
[SourceTitle "playchess.com"]
[Source "ChessBase"]
[SourceQuality "1"]
[TimeControl "40/5400+30:1800+30"]

1. e4 e5 2. Nf3 Nc6 3. Bb5 a6 4. Ba4 Nf6 5. O-O Be7 6. Re1 b5 7. Bb3 O-O 8. c3 d5 9. exd5 Nxd5 10. Nxe5 Nxe5 11. Rxe5 c6 12. Bxd5 cxd5 13. Qf3 Bd6 14. Re1 Re8 15. Rxe8+ Qxe8 16. Qe3 Bd7 17. d4 Qd8 18. Qf3 Qh4 19. g3 Qh3 20. Be3 Rc8 21. a3 a5 22. Nd2 b4 23. axb4 axb4 24. cxb4 Bxb4 25. Qg2 Qh5 26. Qf3 Bg4 27. Qf4 Qh3 28. f3 Bd7 29. Nf1 Bb5 30. Bf2 Be2 31. Qe3 Bc4 32. g4 Bxf1 33. Rxf1 Bd6 34. f4 Qxg4+ 35. Bg3 h5 36. Qf3 Qxf3 37. Rxf3 Rc1+ 38. Kg2 Rc2+ 39. Rf2 Rxf2+ 40. Kxf2 Kf8 41. f5 Bb4 42. Kf3 Ke7 43. Kf4 f6 44. Ke3 Kd7 45. Kd3 Kc6 46. Kc2 Kb5 47. Kb3 Be7 48. Be1 Bd6 49. h3 Be7 50. Bg3 Bf8 51. Bb8 Be7 52. Ba7 Bb4 53. Bb8 Be7 54. Bg3 Bf8 55. Be1 Bd6 56. Bc3 Be7 57. Kc2 Bf8 58. b3 Be7 59. Kb1 Bd6 60. Ka2 Bf4 61. Kb2 Bd6 62. Bd2 Bc7 63. Ka2 Bg3 1/2-1/2

[Event "Najdorf Memorial-B 2022"]
[Site "Warsaw"]
[Date "2022.07.13"]
[Round "5.10"]
[White "Kobus, Stanislaw"]
[Black "Szewczyk, Michal"]
[Result "1/2-1/2"]
[ECO "B10"]
[WhiteElo "1427"]
[BlackElo "1668"]
[Annotator "NA"]
[PlyCount "68"]
[EventDate "2022.07.09"]
[EventType "swiss"]
[EventCountry "POL"]
[SourceTitle "playchess.com"]
[Source "ChessBase"]
[SourceQuality "1"]
[TimeControl "40/5400+30:1800+30"]

1. e4 c6 2. d3 d5 3. Nd2 e5 4. Ngf3 Bd6 5. Be2 Nf6 6. h3 O-O 7. O-O Ne8 8. b3 f5 9. Bb2 Qe7 10. c4 fxe4 11. dxe4 d4 12. Bc1 Be6 13. Nh2 Nf6 14. Ng4 Nbd7 15. Nxf6+ Nxf6 16. Bf3 Qf7 17. Re1 Qg6 18. Kh2 Rf7 19. Nf1 Raf8 20. Ng3 h6 21. a3 a5 22. Ra2 Qh7 23. a4 b6 24. Kg1 Nd7 25. Bg4 Re8 26. Bf5 g6 27. Qg4 Nf8 28. Bxe6 Nxe6 29. Nf5 Bf8 30. Nh4 Rf6 31. f4 Nxf4 32. Bxf4 Rxf4 33. Qxg6+ Qxg6 34. Nxg6 Rf6 1/2-1/2

[Event "Najdorf Memorial-B 2022"]
[Site "Warsaw"]
[Date "2022.07.13"]
[Round "5.11"]
[White "Adamowicz, Michal"]
[Black "Szymkiewicz, Witold"]
[Result "1-0"]
[ECO "B10"]
[WhiteElo "1408"]
[BlackElo "1642"]
[Annotator "NA"]
[PlyCount "103"]
[EventDate "2022.07.09"]
[EventType "swiss"]
[EventCountry "POL"]
[SourceTitle "playchess.com"]
[Source "ChessBase"]
[SourceQuality "1"]
[TimeControl "40/5400+30:1800+30"]

1. e4 c6 2. Nc3 d5 3. Nf3 dxe4 4. Nxe4 Nf6 5. Nxf6+ exf6 6. Bc4 Bd6 7. Qe2+ Be7 8. O-O O-O 9. Re1 Bd6 10. d4 Nd7 11. Bd3 Nb6 12. c4 Bc7 13. h3 Be6 14. Qc2 h6 15. b3 Qd7 16. Bb2 Rad8 17. Rad1 Bf4 18. Re4 Qc7 19. g3 f5 20. Rxf4 g5 21. Nxg5 hxg5 22. Rf3 f6 23. Bxf5 Bxf5 24. Qxf5 Qd7 25. Qxd7 Rxd7 26. Re1 Kg7 27. Kg2 Na8 28. Rfe3 Rff7 29. g4 b5 30. Re6 bxc4 31. bxc4 Rc7 32. Bc3 Nb6 33. Ba5 Rcd7 34. Bxb6 axb6 35. Rxc6 Rxd4 36. Ree6 Rf4 37. Rxb6 Rxc4 38. Ra6 Rf4 39. Re3 f5 40. gxf5 g4 41. Rg6+ Kf8 42. hxg4 Ra4 43. a3 Rfa7 44. Kg3 Kf7 45. f3 Ra8 46. Rge6 R8a7 47. g5 Rxa3 48. g6+ Kg7 49. Rxa3 Rxa3 50. Re7+ Kg8 51. f6 Ra8 52. Kg4 1-0

[Event "Najdorf Memorial-B 2022"]
[Site "Warsaw"]
[Date "2022.07.13"]
[Round "5.12"]
[White "Machnik, Stanislaw"]
[Black "Iwaszkiewicz, Krzysztof"]
[Result "1-0"]
[ECO "B40"]
[WhiteElo "1381"]
[BlackElo "1630"]
[Annotator "NA"]
[PlyCount "83"]
[EventDate "2022.07.09"]
[EventType "swiss"]
[EventCountry "POL"]
[SourceTitle "playchess.com"]
[Source "ChessBase"]
[SourceQuality "1"]
[TimeControl "40/5400+30:1800+30"]

1. e4 c5 2. Nf3 e6 3. d4 cxd4 4. Nxd4 Nf6 5. Nc3 Nc6 6. Ndb5 Bb4 7. a3 Bxc3+ 8. Nxc3 O-O 9. Qd6 Qe7 10. Bf4 Ne8 11. Qxe7 Nxe7 12. O-O-O f5 13. exf5 Nxf5 14. Bb5 d5 15. Bxe8 Rxe8 16. Nb5 Bd7 17. Nc7 Rac8 18. Nxe8 Bxe8 19. Rhe1 Kf7 20. g4 Nh4 21. Bg3 Nf3 22. Re3 Ng5 23. f4 Ne4 24. f5 Rc5 25. Rf1 Ke7 26. fxe6 Bg6 27. Be1 d4 28. Rxe4 Bxe4 29. Bb4 b6 30. Bxc5+ bxc5 31. Rf7+ Kxe6 32. Rxg7 Kf6 33. Rxa7 Kg5 34. Rc7 Kxg4 35. Rxc5 h5 36. a4 h4 37. a5 Kh3 38. Rh5 Bf3 39. Rh8 Be2 40. Kd2 d3 41. cxd3 Kxh2 42. Kxe2 1-0

[Event "Najdorf Memorial-B 2022"]
[Site "Warsaw"]
[Date "2022.07.13"]
[Round "5.13"]
[White "Dropia, Rafal"]
[Black "Jaroszuk, Marcin"]
[Result "0-1"]
[ECO "A45"]
[WhiteElo "1624"]
[BlackElo "1476"]
[Annotator "NA"]
[PlyCount "62"]
[EventDate "2022.07.09"]
[EventType "swiss"]
[EventCountry "POL"]
[SourceTitle "playchess.com"]
[Source "ChessBase"]
[SourceQuality "1"]
[TimeControl "40/5400+30:1800+30"]

1. d4 Nf6 2. Bf4 c5 3. e3 Qb6 4. Nc3 a6 5. Na4 Qa5+ 6. c3 d6 7. dxc5 dxc5 8. Bxb8 Rxb8 9. Qc2 e6 10. b3 b5 11. Nb2 Nd5 12. Ne2 Bb7 13. e4 Nf6 14. Ng3 Bd6 15. Bd3 Be5 16. Ne2 Qc7 17. h3 Rd8 18. Rd1 Ke7 19. O-O g5 20. f3 Nh5 21. a4 Bc6 22. axb5 axb5 23. Ra1 Nf4 24. Nxf4 Bxf4 25. Qe2 Rd7 26. Rfd1 Rhd8 27. Bxb5 Rd2 28. Rxd2 Rxd2 29. Qc4 Be3+ 30. Kh1 Qg3 31. Nd3 Qxg2# 0-1

[Event "Najdorf Memorial-B 2022"]
[Site "Warsaw"]
[Date "2022.07.13"]
[Round "5.14"]
[White "Kalus, Franciszek"]
[Black "Kurowski, Maciej"]
[Result "0-1"]
[ECO "D31"]
[WhiteElo "1344"]
[BlackElo "1601"]
[Annotator "NA"]
[PlyCount "78"]
[EventDate "2022.07.09"]
[EventType "swiss"]
[EventCountry "POL"]
[SourceTitle "playchess.com"]
[Source "ChessBase"]
[SourceQuality "1"]
[TimeControl "40/5400+30:1800+30"]

1. d4 d5 2. c4 c6 3. Nf3 e6 4. Nc3 dxc4 5. e3 b5 6. a4 Bb4 7. Bd2 a5 8. axb5 Bxc3 9. Bxc3 cxb5 10. b3 Bb7 11. bxc4 b4 12. Bb2 Nf6 13. Bd3 Nbd7 14. O-O O-O 15. Bc2 Qc7 16. Nd2 e5 17. d5 Ba6 18. Bb3 Nc5 19. f4 Nd3 20. Qc2 Nxb2 21. Qxb2 exf4 22. Rxf4 Nd7 23. Qd4 Bb7 24. Ne4 f5 25. Ng5 Nc5 26. Bc2 g6 27. Rh4 h5 28. Rf1 Qe7 29. Rh3 b3 30. Bxf5 Rxf5 31. Rxf5 b2 32. Qxb2 gxf5 33. Rg3 h4 34. Nf7+ hxg3 35. Qh8+ Kxf7 36. Qh7+ Ke8 37. Qh5+ Kd8 38. Qh8+ Kc7 39. d6+ Qxd6 0-1

[Event "Najdorf Memorial-B 2022"]
[Site "Warsaw"]
[Date "2022.07.13"]
[Round "5.15"]
[White "Bartoszczuk, Adam"]
[Black "Wnuk, Piotr"]
[Result "1/2-1/2"]
[ECO "B04"]
[WhiteElo "1596"]
[BlackElo "1412"]
[Annotator "NA"]
[PlyCount "53"]
[EventDate "2022.07.09"]
[EventType "swiss"]
[EventCountry "POL"]
[SourceTitle "playchess.com"]
[Source "ChessBase"]
[SourceQuality "1"]
[TimeControl "40/5400+30:1800+30"]

1. e4 Nf6 2. e5 Nd5 3. d4 d6 4. Nf3 Nc6 5. c4 Nb6 6. e6 fxe6 7. Nc3 g6 8. h4 e5 9. d5 Nb8 10. h5 Bg7 11. hxg6 hxg6 12. Rxh8+ Bxh8 13. Bd3 Bf5 14. Nh4 e6 15. Nxg6 e4 16. Qh5 Bxc3+ 17. bxc3 Qf6 18. Ne5+ Kf8 19. Bh6+ Kg8 20. Kd2 Na6 21. Ng4 Bxg4 22. Qxg4+ Kf7 23. Qxe6+ Qxe6 24. dxe6+ Kxe6 25. Bxe4 Nxc4+ 26. Kc2 Nc5 27. Bf3 1/2-1/2

[Event "Najdorf Memorial-B 2022"]
[Site "Warsaw"]
[Date "2022.07.13"]
[Round "5.16"]
[White "Rog, Mateusz"]
[Black "Jaszczuk, Piotr"]
[Result "0-1"]
[ECO "E13"]
[WhiteElo "1564"]
[BlackElo "1389"]
[Annotator "NA"]
[PlyCount "84"]
[EventDate "2022.07.09"]
[EventType "swiss"]
[EventCountry "POL"]
[SourceTitle "playchess.com"]
[Source "ChessBase"]
[SourceQuality "1"]
[TimeControl "40/5400+30:1800+30"]

1. d4 Nf6 2. Nf3 e6 3. c4 b6 4. Nc3 Bb4 5. Bg5 h6 6. Bh4 Bb7 7. e3 g5 8. Bg3 Ne4 9. Qc2 Bxc3+ 10. bxc3 d6 11. Bd3 f5 12. O-O Nd7 13. Nd2 Nxd2 14. Qxd2 Qf6 15. f3 O-O-O 16. a4 Rdg8 17. a5 h5 18. axb6 axb6 19. e4 f4 20. Bf2 e5 21. c5 g4 22. fxg4 hxg4 23. g3 f3 24. Be3 Qg6 25. c6 Bxc6 26. d5 Bb7 27. Qa2 Nb8 28. Qa4 Rh3 29. Rf2 Rgh8 30. Raa2 Qh5 31. Bb5 Rxg3+ 32. Kf1 Qh3+ 33. Ke1 Rg1+ 34. Kd2 Rg2 35. Kd3 Qxh2 36. Qc4 Qh1 37. Bxb6 Qb1+ 38. Rac2 Rh7 39. Be3 g3 40. Rxg2 fxg2 41. Kd2 g1=Q 42. Bxg1 Qxg1 0-1

[Event "Najdorf Memorial-B 2022"]
[Site "Warsaw"]
[Date "2022.07.13"]
[Round "5.17"]
[White "Tsiapko, Andrii"]
[Black "Borys, Marek"]
[Result "1/2-1/2"]
[ECO "A90"]
[WhiteElo "1538"]
[BlackElo "1314"]
[Annotator "NA"]
[PlyCount "39"]
[EventDate "2022.07.09"]
[EventType "swiss"]
[EventCountry "POL"]
[SourceTitle "playchess.com"]
[Source "ChessBase"]
[SourceQuality "1"]
[TimeControl "40/5400+30:1800+30"]

1. d4 f5 2. c4 Nf6 3. g3 e6 4. Bg2 d5 5. Nf3 c6 6. O-O Be7 7. Nbd2 O-O 8. Ne5 Qe8 9. Qc2 Qh5 10. Ndf3 Ne4 11. Nd3 g5 12. b4 Nd7 13. b5 cxb5 14. cxb5 Bd6 15. Nfe5 Kh8 16. f4 g4 17. a4 Rf6 18. e3 Rh6 19. Bxe4 fxe4 20. Ne1 1/2-1/2

[Event "Najdorf Memorial-B 2022"]
[Site "Warsaw"]
[Date "2022.07.14"]
[Round "6.1"]
[White "Slusarczyk, Anna"]
[Black "Bubien, Antoni"]
[Result "1/2-1/2"]
[ECO "A48"]
[WhiteElo "1637"]
[BlackElo "1472"]
[Annotator "NA"]
[PlyCount "141"]
[EventDate "2022.07.09"]
[EventType "swiss"]
[EventCountry "POL"]
[SourceTitle "playchess.com"]
[Source "ChessBase"]
[SourceQuality "1"]
[TimeControl "40/5400+30:1800+30"]

1. d4 Nf6 2. Nf3 g6 3. Bf4 Bg7 4. e3 d6 5. h3 O-O 6. Bh2 c5 7. c3 Qb6 8. Qb3 Be6 9. c4 Nbd7 10. Nbd2 d5 11. Qxb6 axb6 12. cxd5 Bxd5 13. Bb5 Rfc8 14. O-O Nf8 15. a4 Ne6 16. Be5 cxd4 17. exd4 Rc2 18. b3 Bh6 19. Bd3 Rxd2 20. Nxd2 Bxd2 21. Rad1 Bh6 22. Rb1 Rc8 23. Bc4 Bxc4 24. bxc4 Nd7 25. d5 Nxe5 26. dxe6 Nxc4 27. Rfe1 f5 28. Red1 Rc6 29. Rd7 Rxe6 30. Rxb7 Kf7 31. Rc7 Nd2 32. Rd1 Re4 33. Ra7 Bg5 34. a5 bxa5 35. Rxa5 Re2 36. f3 Nc4 37. Rad5 Ne3 38. R5d2 Rxd2 39. Rxd2 Bh4 40. Rd3 f4 41. Rd4 g5 42. Rd8 h6 43. Rh8 Kg7 44. Re8 Kf6 45. Rh8 Nf5 46. Kf1 Ke5 47. Ke2 Ne3 48. Rxh6 Nxg2 49. Ra6 Kf5 50. Ra5+ e5 51. Ra8 Ne3 52. Rf8+ Ke6 53. Re8+ Kf6 54. Rf8+ Ke7 55. Ra8 Nc2 56. Kd3 Nd4 57. Ke4 Kd6 58. Rg8 Ne2 59. Rg6+ Kc5 60. Re6 Ng1 61. Rxe5+ Kc4 62. Re8 Kc3 63. Rd8 Nxh3 64. Rd7 Nf2+ 65. Kf5 Nd3 66. Rd6 Kd2 67. Ke4 Ke2 68. Rxd3 Kf2 69. Ra3 Kg2 70. Kf5 Kg3 71. Ke4 1/2-1/2

[Event "Najdorf Memorial-B 2022"]
[Site "Warsaw"]
[Date "2022.07.14"]
[Round "6.2"]
[White "Terkiewicz, Bruno"]
[Black "Dysko, Michal"]
[Result "1-0"]
[ECO "B42"]
[WhiteElo "1473"]
[BlackElo "1376"]
[Annotator "NA"]
[PlyCount "41"]
[EventDate "2022.07.09"]
[EventType "swiss"]
[EventCountry "POL"]
[SourceTitle "playchess.com"]
[Source "ChessBase"]
[SourceQuality "1"]
[TimeControl "40/5400+30:1800+30"]

1. e4 c5 2. Nf3 e6 3. d4 cxd4 4. Nxd4 a6 5. Bd3 Nf6 6. O-O Qc7 7. Nc3 Be7 8. Qe2 d6 9. Be3 O-O 10. f4 Nbd7 11. g4 Nc5 12. g5 Nfd7 13. f5 b5 14. Qh5 Bb7 15. f6 gxf6 16. gxf6 Nxf6 17. Rxf6 Bxf6 18. e5 Nxd3 19. exf6 Kh8 20. Bh6 Qc5 21. Qg4 1-0